| TOP OF THE 1ST |
|
Everett AquaSox batting - Pitching for Lowell Spinners : LHP Eric Del Sordo
|
|
Pitching: LHP Eric Del Sordo
|
|
|
Batting: RHB Houston Brock
|
0-0: Ball 1-0: Ball 2-0: Ball 3-0: Called Strike 3-1: Base on Balls
|
|
Batting: RHB Mike Conaway
|
0-0: Foul Ball, location: 2F 0-1: Ball 1-1: Ball 2-1: Fielders Choice at 2nd, 5-4 (Groundball, 56, EV 106.9 MPH)
|
|
Batting: RHB Tze-meng Li
|
0-0: Foul Ball, location: 2F 0-1: Ball Mike Conaway steals 2nd base (no throw) 1-1: Ball 2-1: Fly out, F7 (Flyball, 7LD, EV 88.8 MPH)
|
|
Batting: RHB Chris Olheiser
|
0-0: Called Strike 0-1: Swinging Strike 0-2: Ball 1-2: Foul Ball, location: 2F 1-2: Fly out, F7 (Flyball, 7, EV 93.8 MPH)
|
| Top of the 1st over - 0 runs, 0 hits, 0 errors, 1 left on base; Everett 0 - Lowell 0 |
| BOTTOM OF THE 1ST |
|
Lowell Spinners batting - Pitching for Everett AquaSox : LHP Mitch Lewis
|
|
Pitching: LHP Mitch Lewis
|
|
|
Batting: RHB John Chiesa
|
0-0: SINGLE (Groundball, 6MD, EV 99.4 MPH)
|
|
Batting: RHB Nick Cottrell
|
0-0: Called Strike 0-1: Called Strike 0-2: Ball 1-2: Fly out, F7 (Flyball, 7, EV 93.1 MPH)
|
|
Batting: RHB Guillermo Quintero
|
0-0: Called Strike 0-1: Ball 1-1: Ball 2-1: Ball 3-1: SINGLE (Groundball, 34, EV 97.5 MPH) John Chiesa to second Throwing error, E9 John Chiesa scores Guillermo Quintero to second
|
|
Batting: RHB Joel Vazquez
|
0-0: Foul Ball, location: 2F 0-1: Ball 1-1: Foul Ball, location: 2F 1-2: SINGLE (Line Drive, 9LS, EV 101.9 MPH) Guillermo Quintero to third
|
|
Batting: LHB Noel Young
|
0-0: Called Strike 0-1: Ball 1-1: Ball 2-1: Called Strike 2-2: Strikes out swinging
|
|
Batting: RHB Tommy Boudreaux
|
0-0: SINGLE (Flyball, 56D, EV 97.5 MPH) Guillermo Quintero scores Joel Vazquez to second
|
|
Batting: LHB Nelis Geurts
|
0-0: Ball 1-0: Fielders Choice at 2nd, 5-4 (Groundball, 5, EV 93.1 MPH)
|
| Bottom of the 1st over - 2 runs, 4 hits, 1 error, 2 left on base; Everett 0 - Lowell 2 |
| TOP OF THE 2ND |
|
Everett AquaSox batting - Pitching for Lowell Spinners : LHP Eric Del Sordo
|
|
Batting: LHB Taki Matsui
|
0-0: Called Strike 0-1: Foul Ball, location: 2F 0-2: Foul Ball, location: 2F 0-2: Ball 1-2: Ball 2-2: Foul Ball, location: 2F 2-2: Strikes out looking
|
|
Batting: RHB Ivan Davila
|
0-0: Called Strike 0-1: Foul Ball, location: 2F 0-2: Foul Ball, location: 2F 0-2: Foul Ball, location: 2F 0-2: Strikes out swinging
|
|
Batting: RHB Heihachiro Fujita
|
0-0: Foul Ball, location: 2F 0-1: Ball 1-1: Called Strike 1-2: Ball 2-2: Foul Ball, location: 2F 2-2: Foul Ball, location: 2F 2-2: Foul Ball, location: 2F 2-2: Ball 3-2: Base on Balls
|
|
Batting: RHB Chris Van Niel
|
0-0: Ball 1-0: Ball Wild Pitch! Heihachiro Fujita to second 2-0: Swinging Strike 2-1: Swinging Strike 2-2: Ball 3-2: Strikes out swinging
|
| Top of the 2nd over - 0 runs, 0 hits, 0 errors, 1 left on base; Everett 0 - Lowell 2 |
| BOTTOM OF THE 2ND |
|
Lowell Spinners batting - Pitching for Everett AquaSox : LHP Mitch Lewis
|
|
Batting: LHB Danny Montoya
|
0-0: Ball 1-0: Swinging Strike 1-1: Fly out, F1 (Line Drive, P, EV 61.3 MPH)
|
|
Batting: RHB Mike Strey
|
0-0: Foul Ball, location: 2F 0-1: Ball 1-1: Ball 2-1: Ball 3-1: Foul Ball, location: 2F 3-2: Foul Ball, location: 2F 3-2: Strikes out swinging
|
|
Batting: RHB John Chiesa
|
0-0: Ball 1-0: Foul Ball, location: 2F 1-1: Ball 2-1: Ball 3-1: Swinging Strike 3-2: Ground out 5-3 (Groundball, 5, EV 78.8 MPH)
|
| Bottom of the 2nd over - 0 runs, 0 hits, 0 errors, 0 left on base; Everett 0 - Lowell 2 |
| TOP OF THE 3RD |
|
Everett AquaSox batting - Pitching for Lowell Spinners : LHP Eric Del Sordo
|
|
Batting: RHB David Greene
|
0-0: Ball 1-0: Ball 2-0: Ball 3-0: Base on Balls
|
|
Batting: RHB Houston Brock
|
0-0: Called Strike 0-1: Foul Ball, location: 2F 0-2: Strikes out swinging
|
|
Batting: RHB Mike Conaway
|
0-0: Called Strike David Greene is caught stealing 2nd base 2-4 0-1: Ball 1-1: SINGLE (Groundball, 56D, EV 107.5 MPH)
|
|
Batting: RHB Tze-meng Li
|
0-0: Ball 1-0: Called Strike 1-1: Fielders Choice at 2nd, 6-4 (Groundball, 6, EV 87.5 MPH)
|
| Top of the 3rd over - 0 runs, 1 hit, 0 errors, 1 left on base; Everett 0 - Lowell 2 |
| BOTTOM OF THE 3RD |
|
Lowell Spinners batting - Pitching for Everett AquaSox : LHP Mitch Lewis
|
|
Batting: RHB Nick Cottrell
|
0-0: Called Strike 0-1: Ball 1-1: Foul Ball, location: 2F 1-2: Strikes out swinging
|
|
Batting: RHB Guillermo Quintero
|
0-0: Ball 1-0: Fly out, F6 (Flyball, 6D, EV 86.9 MPH)
|
|
Batting: RHB Joel Vazquez
|
0-0: Ball 1-0: Fly out, F3 (Line Drive, 3, EV 75.0 MPH)
|
| Bottom of the 3rd over - 0 runs, 0 hits, 0 errors, 0 left on base; Everett 0 - Lowell 2 |
| TOP OF THE 4TH |
|
Everett AquaSox batting - Pitching for Lowell Spinners : LHP Eric Del Sordo
|
|
Batting: RHB Chris Olheiser
|
0-0: Foul Ball, location: 2F 0-1: Ball 1-1: Called Strike 1-2: Strikes out swinging
|
|
Batting: LHB Taki Matsui
|
0-0: Foul Ball, location: 2F 0-1: SOLO HOME RUN (Flyball, 78XD, EV 105.6 MPH), Distance : 408 ft
|
|
Batting: RHB Ivan Davila
|
0-0: Ball 1-0: Called Strike 1-1: Ball 2-1: Ball 3-1: Swinging Strike 3-2: Strikes out swinging
|
|
Batting: RHB Heihachiro Fujita
|
0-0: Called Strike 0-1: Called Strike 0-2: Ball 1-2: Foul Ball, location: 2F 1-2: Strikes out swinging
|
| Top of the 4th over - 1 run, 1 hit, 0 errors, 0 left on base; Everett 1 - Lowell 2 |
| BOTTOM OF THE 4TH |
|
Lowell Spinners batting - Pitching for Everett AquaSox : LHP Mitch Lewis
|
|
Batting: LHB Noel Young
|
0-0: Ball 1-0: Foul Ball, location: 2F 1-1: Ball 2-1: Ball 3-1: Reached on error, E6 (Groundball, 6, EV 102.5 MPH)
|
|
Batting: RHB Tommy Boudreaux
|
0-0: Ball 1-0: Ball 2-0: Called Strike 2-1: Ball 3-1: Foul Ball, location: 2F 3-2: Fly out, F8 (Flyball, 8RD, EV 101.3 MPH)
|
|
Batting: LHB Nelis Geurts
|
0-0: Ball 1-0: Called Strike 1-1: Ball 2-1: Fielders Choice at 2nd, 4-6 (Groundball, 4, EV 85.0 MPH)
|
|
Batting: LHB Danny Montoya
|
0-0: Ball Nelis Geurts is caught stealing 2nd base 2-6
|
| Bottom of the 4th over - 0 runs, 0 hits, 1 error, 0 left on base; Everett 1 - Lowell 2 |
| TOP OF THE 5TH |
|
Everett AquaSox batting - Pitching for Lowell Spinners : LHP Eric Del Sordo
|
|
Batting: RHB Chris Van Niel
|
0-0: Ball 1-0: Ball 2-0: Reached on error, E5 (Groundball, 56, EV 78.8 MPH)
|
|
Batting: RHB David Greene
|
0-0: Called Strike 0-1: Ball 1-1: Foul Ball, location: 2F Balk! Chris Van Niel to third 1-2: Strikes out looking
|
|
Batting: RHB Houston Brock
|
0-0: Called Strike 0-1: Fly out, F9 (Flyball, 9S, EV 96.3 MPH)
|
|
Batting: RHB Mike Conaway
|
0-0: Ball 1-0: Ball 2-0: Called Strike 2-1: Swinging Strike 2-2: Foul Ball, location: 2F 2-2: Foul Ball, location: 2F 2-2: Ball 3-2: Strikes out swinging
|
| Top of the 5th over - 0 runs, 0 hits, 1 error, 1 left on base; Everett 1 - Lowell 2 |
| BOTTOM OF THE 5TH |
|
Lowell Spinners batting - Pitching for Everett AquaSox : LHP Mitch Lewis
|
|
Batting: LHB Danny Montoya
|
0-0: Ball 1-0: Ball 2-0: Ground out 4-3 (Groundball, 4, EV 88.1 MPH)
|
|
Batting: RHB Mike Strey
|
0-0: Called Strike 0-1: Called Strike 0-2: Ball 1-2: Ground out 4-3 (Groundball, 34, EV 89.4 MPH)
|
|
Batting: RHB John Chiesa
|
0-0: Swinging Strike 0-1: Called Strike 0-2: Ball 1-2: Ball 2-2: Ball 3-2: Foul Ball, location: 2F 3-2: SINGLE (Line Drive, 4MD, EV 95.0 MPH)
|
|
Pitching: RHP Joe Pruitt
|
|
|
Batting: RHB Nick Cottrell
|
0-0: Called Strike 0-1: Swinging Strike 0-2: Ball 1-2: Strikes out looking
|
| Bottom of the 5th over - 0 runs, 1 hit, 0 errors, 1 left on base; Everett 1 - Lowell 2 |
| TOP OF THE 6TH |
|
Everett AquaSox batting - Pitching for Lowell Spinners : LHP Eric Del Sordo
|
|
Pitching: RHP Ricardo Bautista
|
|
|
Batting: RHB Tze-meng Li
|
0-0: Ball 1-0: Ball 2-0: Ground out 6-3 (Groundball, 6, EV 88.1 MPH)
|
|
Batting: RHB Chris Olheiser
|
0-0: Foul Ball, location: 2F 0-1: Ball 1-1: Called Strike 1-2: Ball 2-2: Ball 3-2: Strikes out swinging
|
|
Batting: LHB Taki Matsui
|
0-0: Called Strike 0-1: Swinging Strike 0-2: Strikes out swinging
|
| Top of the 6th over - 0 runs, 0 hits, 0 errors, 0 left on base; Everett 1 - Lowell 2 |
| BOTTOM OF THE 6TH |
|
Lowell Spinners batting - Pitching for Everett AquaSox : RHP Joe Pruitt
|
|
Batting: RHB Guillermo Quintero
|
0-0: Swinging Strike 0-1: Swinging Strike 0-2: Ball 1-2: Ball 2-2: Fly out, F4 (Popup, 4S, EV 78.1 MPH)
|
|
Batting: RHB Joel Vazquez
|
0-0: Foul Ball, location: 2F 0-1: Ball 1-1: Swinging Strike 1-2: Ball 2-2: Ball 3-2: Foul Ball, location: 2F 3-2: Base on Balls
|
|
Batting: LHB Noel Young
|
0-0: Ball 1-0: DOUBLE (Line Drive, 78D, EV 105.0 MPH) Joel Vazquez to third
|
|
Batting: RHB Tommy Boudreaux
|
0-0: Swinging Strike 0-1: Ball 1-1: Ball 2-1: Ground out 6-3 (Groundball, 6, EV 88.8 MPH)
|
|
Batting: LHB Nelis Geurts
|
0-0: Ball 1-0: Fly out, F6 (Line Drive, 6, EV 66.3 MPH)
|
| Bottom of the 6th over - 0 runs, 1 hit, 0 errors, 2 left on base; Everett 1 - Lowell 2 |
| TOP OF THE 7TH |
|
Everett AquaSox batting - Pitching for Lowell Spinners : RHP Ricardo Bautista
|
|
Batting: RHB Ivan Davila
|
0-0: Foul Ball, location: 2F 0-1: Foul Ball, location: 2F 0-2: Hit by Pitch
|
|
Batting: RHB Heihachiro Fujita
|
0-0: Called Strike 0-1: Ball 1-1: Foul Ball, location: 2F 1-2: Foul Ball, location: 2F 1-2: Foul Ball, location: 2F 1-2: Fielders Choice at 2nd, 1-4 (Groundball, 25, EV 67.5 MPH)
|
|
Batting: RHB Chris Van Niel
|
0-0: Called Strike 0-1: Ball 1-1: Ball 2-1: Foul Ball, location: 2F 2-2: Grounds into double play, 5-4-3 (Groundball, 5, EV 106.9 MPH)
|
| Top of the 7th over - 0 runs, 0 hits, 0 errors, 0 left on base; Everett 1 - Lowell 2 |
| BOTTOM OF THE 7TH |
|
Lowell Spinners batting - Pitching for Everett AquaSox : RHP Joe Pruitt
|
|
Batting: LHB Danny Montoya
|
0-0: Foul Ball, location: 2F 0-1: SINGLE (Flyball, 89S, EV 91.9 MPH)
|
|
Batting: RHB Mike Strey
|
0-0: Ball 1-0: Bunt - Flyout to 15S! F1
|
|
Batting: RHB John Chiesa
|
0-0: Ground out 6-3 (Groundball, 56, EV 106.3 MPH) Danny Montoya to second
|
|
Batting: RHB Nick Cottrell
|
0-0: Ball 1-0: TRIPLE (Flyball, 7LD, EV 91.9 MPH) Danny Montoya scores
|
|
Batting: RHB Guillermo Quintero
|
0-0: Ball 1-0: Called Strike 1-1: Called Strike 1-2: SINGLE (Flyball, 9LS, EV 93.1 MPH) Nick Cottrell scores
|
|
Batting: RHB Joel Vazquez
|
0-0: Foul Ball, location: 2F 0-1: Foul Ball, location: 2F 0-2: Ball 1-2: Ball 2-2: Strikes out looking
|
| Bottom of the 7th over - 2 runs, 3 hits, 0 errors, 1 left on base; Everett 1 - Lowell 4 |
| TOP OF THE 8TH |
|
Everett AquaSox batting - Pitching for Lowell Spinners : RHP Ricardo Bautista
|
|
Batting: RHB David Greene
|
0-0: Foul Ball, location: 2F 0-1: Ball 1-1: Swinging Strike 1-2: Ball 2-2: Ball 3-2: Strikes out swinging
|
|
Batting: RHB Houston Brock
|
0-0: SINGLE (Groundball, 25, EV 67.5 MPH) (infield hit)
|
|
Batting: RHB Mike Conaway
|
0-0: Called Strike 0-1: Swinging Strike 0-2: Ball 1-2: Strikes out swinging
|
|
Batting: RHB Tze-meng Li
|
0-0: Swinging Strike 0-1: Called Strike 0-2: Ball 1-2: Foul Ball, location: 2F 1-2: Ball 2-2: Ball 3-2: Base on Balls Houston Brock to second
|
|
Batting: RHB Chris Olheiser
|
0-0: Ball 1-0: Ball 2-0: Fly out, F9 (Flyball, 89M, EV 81.9 MPH)
|
| Top of the 8th over - 0 runs, 1 hit, 0 errors, 2 left on base; Everett 1 - Lowell 4 |
| BOTTOM OF THE 8TH |
|
Lowell Spinners batting - Pitching for Everett AquaSox : RHP Joe Pruitt
|
|
Pitching: RHP Mike Bator
|
|
|
Batting: LHB Noel Young
|
0-0: Called Strike 0-1: Ball 1-1: Ball 2-1: Ball 3-1: Base on Balls
|
|
Batting: RHB Tommy Boudreaux
|
0-0: Bunt missed! 0-1: Bunted foul 0-2: Fielders Choice at 2nd, 1-4 (Groundball, 25, EV 71.3 MPH)
|
|
Batting: LHB Nelis Geurts
|
0-0: Foul Ball, location: 2F 0-1: Ball 1-1: Foul Ball, location: 2F 1-2: Ball 2-2: Strikes out swinging
|
|
Batting: LHB Danny Montoya
|
0-0: Called Strike 0-1: Ball 1-1: Foul Ball, location: 2F 1-2: Foul Ball, location: 2F 1-2: Strikes out looking
|
| Bottom of the 8th over - 0 runs, 0 hits, 0 errors, 1 left on base; Everett 1 - Lowell 4 |
| TOP OF THE 9TH |
|
Everett AquaSox batting - Pitching for Lowell Spinners : RHP Ricardo Bautista
|
|
Pitching: RHP Juan Mejia
|
|
|
Batting: LHB Taki Matsui
|
0-0: Called Strike 0-1: Swinging Strike 0-2: Strikes out looking
|
|
Batting: RHB Ivan Davila
|
0-0: Ball 1-0: Swinging Strike 1-1: Swinging Strike 1-2: Ball 2-2: Strikes out looking
|
|
Batting: RHB Heihachiro Fujita
|
0-0: Ball 1-0: Foul Ball, location: 2F 1-1: Ball 2-1: Swinging Strike 2-2: Strikes out swinging
|
| Top of the 9th over - 0 runs, 0 hits, 0 errors, 0 left on base; Everett 1 - Lowell 4 |
|